Unix NetHack Version 3.7.0-88 Work-in-progress - last build Jul 17 2023 12:26:22 (ff3987481174382ea04ebda72e34ac83a40b9a22,branch:master). Game began 2023-07-23 09:25:13, ended 2023-07-25 20:13:27. MalkMcJorma, chaotic female elven Priestess ------------- |............ ---...----&---- |....-- ..@.. .. -...--......... ......| ..4..... ------- 5...1.. .... -----|----- ---..5.A....--- |....54@5.....| |. ----A---- .| | |@.....A| | |..%@a..| |.aa@a..| |.aaaa..| |....a..| --------- 1 MalkMcJorma the Lama St:25 Dx:17 Co:16 In:17 Wi:23 Ch:15 Chaotic Astral Plane $:0 HP:206(243) Pw:426(431) AC:-35 Xp:25/50050374 Satiated T:65438 Latest messages: The magic missile hits the high priest of Loki! The magic missile whizzes by you! The magic missile bounces! "Thou ought to be a comedian, thy skills are so laughable!" The Angel of Odin swings his long sword at the invisible Angel of Tyr. The Angel of Odin misses the invisible Angel of Tyr. The Angel of Odin swings his long sword at the invisible Angel of Tyr. The Angel of Odin misses the invisible Angel of Tyr. The Angel of Odin misses the invisible Angel of Tyr. "Why search for the Amulet? Thou wouldst but lose it, cretin." The invisible Angel of Tyr swings his long sword at it. The invisible Angel of Tyr hits it. The invisible Angel of Tyr swings his long sword at it. The invisible Angel of Tyr hits it. The invisible Angel of Tyr misses it. It swings its long sword at the invisible Angel of Tyr. It hits the invisible Angel of Tyr. It swings its long sword at the invisible Angel of Tyr. It hits the invisible Angel of Tyr. It misses the invisible Angel of Tyr. The high priest of Loki swings his mace. The high priest of Loki hits! The high priest of Loki kicks! The air crackles around the high priest of Loki. The high priest of Loki points at you, then curses. The high priest of Loki swings his mace. The high priest of Loki hits! The high priest of Loki kicks! The high priest of Loki points at you, then curses. The high priest of Loki points at you, then curses. # What do you want to dip? [abglmr-twE-GJKQ-SVWZ or ?*] What do you want to dip the gray dragon scale mail into? [lt or ?*] Your gray dragon scale mail glows with a light blue aura. What do you want to wear? [J or ?*] You are now wearing a robe. The Angel of Odin wields a blessed long sword! The priestess of Moloch casts a spell! The priestess of Moloch summons insects! The high priest of Loki swings his mace at the giant beetle. The high priest of Loki hits the giant beetle. The high priest of Loki hits the giant beetle. The giant beetle is killed! # What do you want to sacrifice? [w or ?*] You offer the Amulet of Yendor to Loki... An invisible choir sings, and you are bathed in radiance... The voice of Loki thunders: "Mortal, thou hast done well!" "In return for thy service, I grant thee the gift of Immortality!" You ascend to the status of Demigoddess... Inventory: Amulets ('"') m - an uncursed amulet of life saving (being worn) Weapons (')') Z - 27 blessed +4 darts (at the ready) a - the blessed rustproof +7 Stormbringer (weapon in hand) Armor ('[') F - the blessed tempered +3 Mitre of Holiness (being worn) Q - a blessed rustproof +2 pair of gauntlets of power (being worn) V - a blessed fireproof +2 pair of speed boots (being worn) W - a blessed +3 shield of reflection (being worn) J - a blessed greased fireproof +3 robe (being worn) B - a blessed fireproof +3 Hawaiian shirt with a jellyfish motif (being worn) E - a blessed +4 gray dragon scale mail (being worn) Spellbooks ('+') S - the uncursed Book of the Dead Potions ('!') l - a blessed potion of extra healing Rings ('=') j - an uncursed ring of conflict (on right hand) O - an uncursed ring of searching (on left hand) Tools ('(') r - a blessed bag of holding containing 17 items s - a blessed bag of holding containing 13 items G - an uncursed sack containing 35 items K - the uncursed Bell of Opening (0:2) g - the cursed Candelabrum of Invocation (0 of 7 candles attached) b - a blessed +0 unicorn horn Gems/Stones ('*') R - a blessed luckstone Contents of the bag of holding: a blessed amulet of flying an uncursed amulet of flying an uncursed amulet of life saving an uncursed amulet of life saving an uncursed scroll of blank paper a blessed scroll of identify 3 blessed scrolls of remove curse 2 blessed scrolls of teleportation an uncursed potion of booze 4 potions of holy water an uncursed ring of fire resistance a cursed ring of invisibility named Nazgul4 a cursed ring of invisibility named Nazgul3 a cursed ring of invisibility named Nazgul2 a cursed ring of invisibility named Nazgul1 an uncursed ring of regeneration a cursed ring of regeneration Contents of the bag of holding: the blessed rustproof +5 Demonbane 2 uncursed cloves of garlic an uncursed partly eaten food ration 11 uncursed K-rations 3 uncursed lumps of royal jelly an uncursed gargoyle egg an uncursed lizard corpse a blessed magic marker (1:26) an uncursed +0 pick-axe an uncursed skeleton key an uncursed wet towel an uncursed +0 unicorn horn an uncursed luckstone Contents of the sack: an uncursed wand of cancellation (0:3) a cursed wand of cancellation (0:3) an uncursed wand of death (0:3) an uncursed wand of digging (0:8) an uncursed wand of digging (0:8) an uncursed wand of digging (0:6) an uncursed wand of digging (0:6) an uncursed wand of digging (0:6) an uncursed wand of digging (0:4) an uncursed wand of digging (0:3) an uncursed wand of fire (0:2) an uncursed wand of lightning (0:6) an uncursed wand of lightning (0:4) an uncursed wand of lightning (0:3) an uncursed wand of lightning (0:0) an uncursed wand of magic missile (0:6) an uncursed wand of magic missile (0:5) an uncursed wand of magic missile (0:5) an uncursed wand of magic missile (0:0) an uncursed wand of opening (0:4) an uncursed wand of polymorph (0:5) an uncursed wand of polymorph (0:2) a cursed wand of polymorph (0:7) an uncursed wand of sleep (0:8) an uncursed wand of sleep (0:4) an uncursed wand of striking (0:6) an uncursed wand of striking (0:0) a cursed wand of striking (0:4) an uncursed wand of teleportation (0:6) an uncursed wand of teleportation (0:6) an uncursed wand of teleportation (0:5) an uncursed wand of teleportation (0:3) an uncursed wand of teleportation (0:0) an uncursed wand of teleportation (0:0) an uncursed wand of undead turning (0:6) MalkMcJorma the Priestess's attributes: Background: You were a Lama, a level 25 elven Priestess. You were chaotic, on a mission for Loki who was opposed by Tyr (lawful) and Odin (neutral). You were in the endgame, on the Astral Plane. You entered the dungeon 65438 turns ago. You had 50050374 experience points, 9949626 more were needed for level 26. Basics: You had 206 out of 243 hit points. You had 426 out of 431 energy points (spell power). Your armor class was -35. Your wallet was empty. Autopickup was off. Final Characteristics: Your strength was 25 (base:17, peak:18, innate limit:18). Your dexterity was 17 (peak:18, limit:18). Your constitution was 16 (limit:16). Your intelligence was 17 (base:14, limit:20). Your wisdom was 23 (base:20, innate limit:20). Your charisma was 15 (limit:18). Final Status: You were satiated. You were unencumbered. You were wielding a broadsword. You had basic skill with broadsword. Final Attributes: You were the Glory of Arioch. You were piously aligned. You were magic-protected. You were fire resistant. You were cold resistant. You were sleep resistant. You were disintegration resistant. You were shock resistant. You were poison resistant. You were level-drain resistant. You saw invisible. You were telepathic. You were warned. You had automatic searching. You had infravision. You were invisible to others. You were stealthy. You caused conflict. You had a moderate defense bonus (+9). You were protected. You were very fast. You had reflection. Your life would have been saved. You were extremely lucky. You had extra luck. Good luck did not time out for you. You survived. Miscellaneous: You disabled loading of bones levels. Total elapsed playing time was 1 day, 7 hours, 10 minutes and 12 seconds. Major events: Turn 1: MalkMcJorma the chaotic elven Priestess entered the dungeon 712: entered the Gnomish Mines 718: attained the rank of Acolyte (level 3) 1306: attained the rank of Adept (level 6) 1846: reached Mine Town 3821: acquired the Mines' End luckstone 7273: attained the rank of Priestess (level 10) 7941: entered Sokoban 8177: chose an elven broadsword to be named "Orcrist" 9488: chose an elven dagger to be named "Sting" 9723: completed 1st Sokoban level 10205: completed 2nd Sokoban level 10871: completed 3rd Sokoban level 11657: completed 4th Sokoban level 12435: acquired the Sokoban bag of holding 24917: was bestowed with Demonbane by Loki 27425: performed her first genocide (class L) 28223: killed Medusa 28964: made her first wish - "2 blessed scrolls of charging", got "a blessed scroll labeled GHOTI" 28964: wished for "blessed fixed +2 gauntlets of power", got "a blessed pair of riding gloves" 28983: wished for "blessed +2 shield of reflection", got "a blessed shield of reflection" 28999: wished for "blessed amulet of life saving", got "a blessed amulet of life saving" 29296: wished for "blessed amulet of flying", got "a blessed hexagonal amulet" 29528: wished for "blessed fixed +2 gray dragon scale mail", got "a blessed gray dragon scale mail" 30747: wished for "blessed ring of free action", got "a blessed diamond ring" 30748: genocided master mind flayers 32825: attained the rank of Curate (level 14) 35133: killed Croesus 38580: attained the rank of Canoness (level 18) 38829: killed Nalzok 38837: found the Mitre of Holiness on the floor 38838: acquired the Bell of Opening 40924: entered Gehennom 42706: killed Juiblex 43549: killed the invisible Asmodeus 44268: killed the invisible Baalzebub 44421: attained the rank of Lama (level 22) 51738: was chosen to steal souls for the Glory of Loki 51738: was bestowed with Stormbringer 56847: killed Orcus 58219: destroyed Vlad the Impaler 59376: killed Yeenoghu 60409: acquired the Candelabrum of Invocation 62138: killed the Wizard of Yendor 62140: acquired the Book of the Dead 62400: performed the invocation 63039: killed the high priestess of Moloch 63041: acquired The Amulet of Yendor 63927: killed the invisible Wizard of Yendor (2nd time) 64414: wished for "3 cursed scrolls of gold detection", got "a cursed scroll labeled GNIK SISI VLE" 64462: killed the Wizard of Yendor (3rd time) 65051: entered the Elemental Planes 65051: entered Plane of Earth 65052: killed the Wizard of Yendor (5th time) 65087: entered Plane of Air 65160: entered Plane of Fire 65222: entered Plane of Water 65223: genocided class ; 65404: entered the Astral Plane 65414: killed the invisible Famine 65438: ascended Vanquished creatures: Asmodeus Baalzebub Orcus Yeenoghu Juiblex the Wizard of Yendor (5 times) Famine Vlad the Impaler a high cleric 2 mastodons Medusa Croesus 17 krakens 7 iron golems 2 ki-rin 2 storm giants 2 glass golems 2 balrogs Nalzok 8 purple worms 4 gray dragons 2 gold dragons a silver dragon 7 red dragons 5 white dragons 5 orange dragons 5 black dragons a blue dragon 3 green dragons 3 yellow dragons 18 minotaurs 5 jabberwocks 6 baluchitheria an Angel a demilich 2 stone golems 3 Olog-hai 5 Nazgul 7 pit fiends 3 sandestins 3 hell hounds 5 displacer beasts 7 titanotheres 4 trappers 4 baby yellow dragons 4 guardian nagas 8 genetic engineers 8 disenchanters 28 vampire leaders 5 skeletons 11 aligned clerics 10 captains 6 shades a lich 5 clay golems 4 nurses 8 ice devils 6 nalfeshnees 6 lurkers above 3 Aleaxes 3 frost giants 7 ettins 2 golden nagas 26 black puddings 49 vampires 16 lieutenants 96 ghosts 4 queen bees 14 winged gargoyles 7 mind flayers 18 giant mimics 5 long worms 7 zruties 9 fire giants 9 ogre tyrants 7 ice trolls 12 rock trolls 11 umber hulks 5 flesh golems 6 elven monarchs 4 doppelgangers 17 hezrous 12 bone devils 7 large mimics 3 wumpuses 3 fire vortices a baby purple worm 3 couatls 14 stalkers 8 air elementals 3 fire elementals 7 earth elementals 13 water elementals 5 hill giants 9 giant mummies 6 black nagas 12 xorns 35 giant zombies 2 elf-nobles 22 sergeants a water demon 5 barbed devils 12 vrocks 3 salamanders 9 wargs 3 winter wolves 9 hell hound pups 26 small mimics 6 glass piercers 13 warhorses 11 steam vortices 22 xans 8 ettin mummies an ogre leader 13 quantum mechanics 38 trolls 4 sasquatches 4 wood golems 2 erinyes 5 mariliths 8 sharks 8 electric eels 10 gelatinous cubes 4 pyrolisks 8 large dogs 4 freezing spheres 11 flaming spheres 8 shocking spheres 4 large cats 11 tigers 17 gargoyles 12 tengu 12 ochre jellies 17 leocrottas 8 energy vortices 7 mountain centaurs 9 stone giants 5 elf mummies 12 human mummies 2 red nagas 2 green slimes 10 pythons 9 pit vipers 9 cobras 141 wraiths 7 carnivorous apes 35 ettin zombies 5 leather golems 7 Grey-elves 120 soldiers 18 amorous demons 8 horned devils 12 chameleons 6 crocodiles 25 giant beetles 7 quivering blobs 32 cockatrices 8 wolves 3 winter wolf cubs 4 lynxes 8 panthers 5 gremlins 4 spotted jellies 35 leprechauns 5 orc-captains 10 iron piercers 4 mumakil 19 giant spiders 16 scorpions 8 horses 3 ice vortices a baby long worm 7 black lights 12 vampire bats 6 forest centaurs 7 gnome rulers 3 orc mummies 6 ogres 12 brown puddings 12 rust monsters 14 owlbears 15 yetis 5 gold golems 3 werewolves 3 Green-elves 6 piranha 22 giant eels 16 lizards 17 chickatrices 2 dingoes 5 dogs 3 housecats 11 jaguars 3 dwarf leaders 11 blue jellies 7 white unicorns a gray unicorn 9 dust vortices 3 ravens 7 plains centaurs 3 gnome mummies 9 snakes 13 apes 108 human zombies 2 rope golems 2 Woodland-elves 17 soldier ants 10 fire ants 17 bugbears an imp 3 lemures 4 quasits 9 wood nymphs 6 water nymphs 10 mountain nymphs 25 Mordor orcs 12 Uruk-hai 3 orc shamans 11 rock piercers 4 rock moles 3 ponies a fog cloud 13 yellow lights 2 shriekers 8 violet fungi 32 gnome leaders 8 gnomish wizards a kobold mummy 4 black naga hatchlings a golden naga hatchling 8 gray oozes 8 barrow wights 37 elf zombies 29 ghouls 3 straw golems 4 paper golems 6 jellyfish 23 giant ants 2 little dogs 9 floating eyes 5 kittens 28 dwarves a homunculus 5 kobold leaders 5 kobold shamans 48 hill orcs 11 rothes 8 rabid rats 2 centipedes 4 giant bats 3 monkeys 38 orc zombies 48 dwarf zombies a wererat 3 werejackals 13 iguanas 37 killer bees 6 acid blobs 5 coyotes a gas spore 10 hobbits 19 manes 4 large kobolds 23 hobgoblins 4 giant rats 13 cave spiders 2 brown molds 2 yellow molds 3 green molds 5 red molds 72 gnomes 5 garter snakes 34 gnome zombies 9 geckos 17 jackals 3 foxes a kobold 8 goblins 3 sewer rats 11 grid bugs 7 bats 12 lichens 36 kobold zombies 9 newts 3021 creatures vanquished. Genocided or extinct species: arch-liches krakens master liches demiliches master mind flayers liches erinyes (extinct) sharks electric eels wraiths (extinct) soldiers (extinct) piranha giant eels jellyfish 11 species genocided. 3 species extinct. Voluntary challenges: You read items or engraved 116 times. You engraved Elbereth 6 times. You genocided 11 types of monsters. You used 8 wishes. You did not wish for any artifacts. You did not violate any of the special Sokoban rules. Achievements: You entered the Gnomish Mines. You attained the rank of Acolyte. You attained the rank of Adept. You entered Minetown. You entered a shop. You entered a temple. You completed the Gnomish Mines. You attained the rank of Priestess. You entered Sokoban. You completed Sokoban. You defeated Medusa. You learned the tune to open and close the Castle's drawbridge. You attained the rank of Curate. You attained the rank of Canoness. You had the Bell of Opening. You entered Gehennom. You attained the rank of Lama. You had the Candelabrum of Invocation. You had the Book of the Dead. You gained access to Moloch's Sanctum. You reached the Elemental Planes. You reached the Astral Plane. You delivered the Amulet of Yendor. You ascended! The Elemental Planes: Astral Plane: <- You are here. A temple to Loki. Plane of Water: Plane of Fire: Plane of Air: Plane of Earth: The Dungeons of Doom: levels 1 to 29 Level 1: An altar to Loki. One way stairs up to The Elemental Planes. Level 2: An altar, a fountain, a sink. Level 3: An armor shop. Stairs down to The Gnomish Mines. Level 4: Level 5: Some fountains. Level 6: A fountain. Level 7: Level 8: Many fountains. Oracle of Delphi. Level 9: Stairs up to Sokoban, level 8. Level 10: Level 11: A fountain. Level 12: A fountain. Level 13: A potion shop, an altar, a grave. Level 14: An altar, a fountain. Level 15: Portal to The Quest. Level 16: A primitive area. Level 17: A sink, a grave. Level 18: Level 19: An altar. Level 20: Level 21: Some fountains. Level 22: A fountain. Level 23: Level 24: A fountain. Level 25: An altar. Level 26: Level 27: Portal to Fort Ludios. Level 28: Some fountains, many trees. Level 29: A fountain. The castle (play notes "GBDBF" to open or close drawbridge). Connection to Gehennom. Gehennom: levels 30 to 49 Level 30: A temple, many graves. Valley of the Dead. Level 31: Level 32: Level 33: Level 34: A fountain. Level 35: Level 36: Level 37: Level 38: Level 39: Level 40: Level 41: Level 42: Some shops, an altar, many graves. Stairs up to Vlad's Tower, level 41. Level 43: Level 44: Level 45: Level 46: Level 47: Level 48: Level 49: A temple, many graves. Moloch's Sanctum. The Gnomish Mines: levels 4 to 12 Level 4: Level 5: Level 6: Level 7: Many shops, a temple, some fountains. Level 8: Level 9: Level 10: Level 11: Level 12: The Quest: levels 1 to 5 Level 1: A temple, many trees. Completed quest for the Arch Priest. Level 2: Many graves. Level 3: A temple, many graves. Level 4: A grave. Level 5: Sokoban: levels 8 up to 5 Level 5: Solved. Level 6: Solved. Level 7: Solved. Level 8: Solved. Fort Ludios: Level 1: Fort Ludios. Vlad's Tower: levels 41 up to 39 Level 39: Level 40: Level 41: Goodbye MalkMcJorma the Demigoddess... You went to your reward with 3420732 points, Stormbringer (worth 8000 zorkmids and 20000 points) The Candelabrum of Invocation (worth 5000 zorkmids and 12500 points) Demonbane (worth 2500 zorkmids and 6250 points) The Mitre of Holiness (worth 2000 zorkmids and 5000 points) The Bell of Opening (worth 5000 zorkmids and 12500 points) The Book of the Dead (worth 10000 zorkmids and 25000 points) 3 amulets of life saving (worth 450 zorkmids), 2 amulets of flying (worth 300 zorkmids), and 0 pieces of gold, after 65438 moves. You were level 25 with a maximum of 243 hit points when you ascended.